 Dungeon Crawl Stone Soup version 0.29-a0-559-g359e09b9d1 (webtiles) character file.

Game seed: 15765107279128663678

2713 Hubjo the Slasher (level 9, -3/69 HPs)
             Began as a Demonspawn Transmuter on June 9, 2022.
             Was an Initiate of Makhleb.
             Slain by a wight
             ... wielding a +2 halberd
              (8 damage)
             ... on level 6 of the Dungeon.
             The game lasted 00:09:27 (5301 turns).

Hubjo the Slasher (Demonspawn Transmuter)           Turns: 5301, Time: 00:09:28

Health: -3/69      AC:  9    Str: 13    XL:     9   Next: 39%
Magic:  17/17      EV: 12    Int: 20    God:    Makhleb [......]
Gold:   626        SH:  0    Dex: 22    Spells: 18/19 levels left

rFire   + + +      SeeInvis .   i - +8 triple sword of Sudden Death {venom, Dex+3}
rCold   . . .      Faith    .   (shield currently unavailable)
rNeg    . . .      Spirit   .   a - +0 robe
rPois   +          Reflect  .   n - +1 hat "Peyfeirori" {*Slow rElec rPois Slay+5}
rElec   +          Harm     .   (no cloak)
rCorr   .          Rampage  .   (no gloves)
Will    .....                   (no boots)
Stlth   +++.......              (no amulet)
HPRegen 0.21/turn               r - +6 ring of strength
MPRegen 0.15/turn               o - ring "Ykhlenlo" {Fly rF+++ Str-3 Int+6}

@: sanguine armoured, flying
A: antennae 2, ignite blood 1, spiny 2, sanguine armour 1
a: Renounce Religion


You were on level 6 of the Dungeon.
You worshipped Makhleb.
Makhleb was noncommittal.
You visited 2 branches of the dungeon, and saw 7 of its levels.

You collected 626 gold pieces.

Inventory:

Hand Weapons
 i - the +8 triple sword of Sudden Death (weapon) {venom, Dex+3}
   (You acquired it on level 3 of the Dungeon)

   It poisons the flesh of those it strikes.
   Dex:       It affects your dexterity (+3).
Armour
 a - a +0 robe (worn)
 n - the +1 hat "Peyfeirori" (worn) {*Slow rElec rPois Slay+5}
   (You acquired it on level 3 of the Dungeon)

   Slay:      It affects your accuracy & damage with ranged weapons and melee
   (+5).
   rElec:     It insulates you from electricity.
   rPois:     It protects you from poison.
   *Slow:     It may slow you when you take damage.
Jewellery
 f - a ring of see invisible
 o - the ring "Ykhlenlo" (right hand) {Fly rF+++ Str-3 Int+6}
   (You found it on level 4 of the Dungeon)

   [ring of intelligence]

   Str:       It affects your strength (-3).
   Int:       It affects your intelligence (+6).
   rF:        It renders you almost immune to fire.
   Fly:       It grants you flight.
 r - a +6 ring of strength (left hand)
Wands
 h - a wand of digging (14)
Scrolls
 c - 2 scrolls of enchant weapon
 m - a scroll of blinking
 p - 3 scrolls of teleportation {unknown}
 s - a scroll of identify
Potions
 b - 2 potions of lignification
 d - a potion of heal wounds
 e - a potion of attraction
 g - 2 potions of cancellation
 j - a potion of berserk rage
 k - a potion of flight
 l - 2 potions of curing
 q - a potion of resistance {unknown}


   Skills:
 + Level 5.8 Fighting
 * Level 7.0 Long Blades
 - Level 1.7 Dodging
 + Level 5.5 Stealth
 - Level 3.1 Unarmed Combat
 + Level 5.5 Spellcasting
 - Level 2.4 Transmutations


You had 18 spell levels left.
You knew the following spells:

 Your Spells              Type           Power      Damage    Failure   Level
a - Beastly Appendage     Tmut           30%        N/A       4%          1

Your spell library contained the following spells:

 Spells                   Type           Power      Damage    Failure   Level
 Wereblood                Tmut           15%        N/A       6%          2
 Spider Form              Tmut/Pois      10%        N/A       21%         3
 Ice Form                 Ice/Tmut       10%        N/A       54%         4


Dungeon Overview and Level Annotations

Branches:
Dungeon (6/15)             Temple (1/1) D:6

Altars:
Cheibriados
Elyvilon
Fedhas
Hepliaklqana
Makhleb
Nemelex Xobeh
Okawaru
Qazlal
Ru
Sif Muna
Trog
Uskayaw
Wu Jian
Yredelemnul
Zin
The Shining One

Annotations:
D:4 2 runed translucent doors
D:6 3 runed translucent doors, vulpzor's ghost, amateur MiBe


Innate Abilities, Weirdness & Mutations

You have a pair of antennae on your head.
Your demonic aura sometimes causes spilled blood to erupt in flames.
You are mostly covered in sharp spines.
When seriously injured, your blood forms armour. (AC +6)


Message History

A wight is nearby!
A wight is nearby! 2 wights come into view. 2 wights come into view.
A wight is wielding a +2 short sword of freezing.
You barely miss the wight. The wight hits you with a +5 hand axe.
You feel drained.
You closely miss the wight. The wight barely misses you.
The wight hits you with a +5 hand axe!
You hit the wight.
The wight is moderately damaged.
The wight hits you with a +5 hand axe!
Your blood congeals into armour.
Unknown command.
You hit the wight.
The wight is severely damaged.
The wight hits you with a +5 hand axe! The wight misses you.
The wight hits you from afar with a +2 halberd!
You feel drained. The wight is struck by your spines.
The wight hits you but does no damage.
You slash the wight!
You destroy the wight!
Makhleb accepts your kill. The wight barely misses you.
Your life force feels restored.
Your Long Blades skill increases to level 7!
The wight completely misses you. The wight barely misses you. x2
Things that are here:
a +5 hand axe; a +0 robe The wight attacks as you move away!
The wight hits you with a +2 short sword of freezing.
* * * LOW HITPOINT WARNING * * *
The wight freezes you.
* * * LOW HITPOINT WARNING * * *
The wight closely misses you.
The wight hits you with a +2 short sword of freezing!
* * * LOW HITPOINT WARNING * * *
The wight freezes you.
* * * LOW HITPOINT WARNING * * *
The wight barely misses you. The wight hits you with a +2 halberd!
You die...

###### ....###.. ###....
#........ .......
+........ ....... #...
#........ .......
#....#........ .......
#....#z........ .......
#....#zzz..... .......
#...##@#####.# ##....#
###...##.##.##<#####....#
#.......................#
#.......................#
#.......................#
#.......................#
##..##...###...##.......#
#####...########<......#
#.<...#....##.......#


You could see 4 wights.

Vanquished Creatures
  A hornet (D:4)
  Prince Ribbit (D:6)
  Eustachio (D:6)
  3 black bears
  3 ice beasts
  A sky beast (D:4)
  3 ogres (D:4)
  A centaur (D:4)
  4 phantoms
  A kobold brigand (D:4)
  3 scorpions (D:6)
  A necrophage (D:6)
  A wight (D:6)
  7 hounds
  A jelly (D:5)
  6 iguanas
  An orc wizard (D:5)
  3 adders
  3 ufetubi
  A worm (D:4)
  5 dart slugs
  8 orcs
  6 ball pythons
  5 endoplasms
  4 giant cockroaches
  8 goblins
  9 hobgoblins
  10 jackals
  8 kobolds
  4 quokkas
  5 bats
  5 frilled lizards
  4 rats
127 creatures vanquished.

Notes
Turn   | Place    | Note
-------+----------+-------------------------------------------
     0 | D:1      | Hubjo the Demonspawn Transmuter began the quest for the
                  | Orb.
     0 | D:1      | Reached XP level 1. HP: 15/15 MP: 3/3
   351 | D:1      | Gained mutation: Your demonic aura sometimes causes spilled
                  | blood to erupt in flames. [demonic ancestry]
   351 | D:1      | Reached XP level 2. HP: 21/21 MP: 5/5
   633 | D:1      | You fall into a shaft and drop 1 floor!
   650 | D:2      | Reached XP level 3. HP: 20/27 MP: 6/6
  1223 | D:2      | Reached skill level 1 in Stealth
  1314 | D:2      | Found a hide-covered altar of Uskayaw.
  2101 | D:3      | Gained mutation: When seriously injured, your blood forms
                  | armour. (AC +6) [demonic ancestry]
  2101 | D:3      | Reached XP level 4. HP: 31/33 MP: 5/7
  2530 | D:3      | Identified 3 scrolls of acquirement
  2531 | D:3      | Acquired 401 gold pieces
  2533 | D:3      | Acquired the +1 hat "Peyfeirori" {*Slow rElec rPois Slay+5}
  2540 | D:3      | Acquired the +8 triple sword of Sudden Death {venom, Dex+3}
  2601 | D:4      | Found a large runed translucent door.
  2601 | D:4      | Noticed a centaur
  2602 | D:4      | Found a large runed translucent door.
  2615 | D:4      | Noticed a phantom
  2620 | D:4      | Noticed a kobold brigand
  2625 | D:4      | Killed a kobold brigand
  2626 | D:4      | Reached skill level 1 in Long Blades
  2626 | D:4      | Gained mutation: You have a pair of small antennae on your
                  | head. [demonic ancestry]
  2626 | D:4      | Reached XP level 5. HP: 25/39 MP: 7/9
  2626 | D:4      | Killed a phantom
  2627 | D:4      | Reached skill level 2 in Long Blades
  2816 | D:4      | Found a large runed translucent door.
  2816 | D:4      | Found a large runed translucent door.
  2906 | D:4      | Noticed an ogre
  2915 | D:4      | Killed an ogre
  2916 | D:4      | Gained mutation: You are partially covered in sharp spines.
                  | [demonic ancestry]
  2916 | D:4      | Reached XP level 6. HP: 39/47 MP: 10/10
  3044 | D:4      | Reached skill level 3 in Long Blades
  3106 | D:4      | Gained mutation: You are mostly covered in sharp spines.
                  | [demonic ancestry]
  3106 | D:4      | Reached XP level 7. HP: 52/52 MP: 10/12
  3113 | D:4      | Reached skill level 4 in Long Blades
  3619 | D:4      | Noticed a hornet
  3624 | D:4      | Killed a hornet
  3625 | D:4      | Gained mutation: You have a pair of antennae on your head.
                  | [demonic ancestry]
  3625 | D:4      | Reached XP level 8. HP: 60/60 MP: 12/14
  3653 | D:4      | Identified the ring "Ykhlenlo" {Fly rF+++ Str-3 Int+6}
  3697 | D:5      | Entered Level 5 of the Dungeon
  3705 | D:5      | Reached skill level 5 in Long Blades
  4336 | D:5      | Reached skill level 5 in Fighting
  4404 | D:6      | Reached skill level 6 in Long Blades
  4423 | D:6      | Reached skill level 5 in Spellcasting
  4455 | D:6      | Noticed Prince Ribbit
  4468 | D:6      | Killed Prince Ribbit
  4469 | D:6      | Reached skill level 5 in Stealth
  4469 | D:6      | Reached XP level 9. HP: 68/68 MP: 16/16
  4639 | D:6      | Found a staircase to the Ecumenical Temple.
  4648 | D:6      | Found a runed translucent gate.
  4649 | D:6      | Found a runed translucent gate.
  4650 | D:6      | Found a runed translucent gate.
  4651 | D:6      | Noticed vulpzor's ghost (amateur MiBe)
  4678 | Temple   | Entered the Ecumenical Temple
  4838 | Temple   | Became a worshipper of Makhleb the Destroyer
  5067 | D:6      | Noticed Eustachio
  5077 | D:6      | Killed Eustachio
  5299 | D:6      | Reached skill level 7 in Long Blades
  5301 | D:6      | Slain by a wight

Illustrated notes

Levels and vault maps discovered:
D:1:      dpeg_arrival_subterranean_lakeside_camping, layout_loops_ring,
          basic_ecumenical_altar
D:2:      layout_basic, basic_altar
D:3:      layout_loops_ring, minmay_misc_feat_room
D:4:      kennysheep_big_flooded_room, layout_basic,
          minmay_hollow_rounded_squares
D:5:      layout_gridville
D:6:      layout_gridville, temple_statues, gammafunk_ghost_necromancy,
          minmay_misc_feat_chi, uniq_prince_ribbit1, uniq_eustachio
Temple:   mainiacjoe_temple_circle_huts

Skill      XL: |  1  2  3  4  5  6  7  8  9 |
---------------+----------------------------+-----
Transmutations | 2 |  2.4
Fighting       | 2 3 4 5 |  5.8
Stealth        | 1 2 3 5 |  5.5
Unarmed Combat | 3 |  3.1
Long Blades    | 1 2 3 4 6 7 |  7.0
Spellcasting   | 3 4 5 |  5.5
Dodging        | |  1.7

Action                   |  1- 3 |  4- 6 |  7- 9 || total
-------------------------+-------+-------+-------++-------
Melee: Unarmed           |   134 |    12 |       ||   146
       Headbutt          |    13 |     3 |       ||    16
       Kick              |    26 |     7 |     3 ||    36
       Punch             |     3 |       |       ||     3
       Triple sword      |       |    24 |    70 ||    94
 Cast: Beastly Appendage |    32 |     9 |     4 ||    45
  Use: Scroll            |     1 |     7 |     3 ||    11
       Potion            |       |     2 |       ||     2
 Stab: Sleeping          |     3 |       |    12 ||    15
       Distracted        |       |       |     1 ||     1
Armor: Robe              |    23 |     9 |    15 ||    47
Dodge: Dodged            |    82 |    29 |    44 ||   155

Table legend: (Time is in decaauts)
 A = Elapsed time spent in this place.
 B = Non-inter-level travel time spent in this place.
 C = Inter-level travel time spent in this place.
 D = Time resting spent in this place.
 E = Time spent auto-exploring this place.
 F = Levels seen in this place.
 G = Mean time per level.
                   A        B        C        D        E       F      G
               +--------+--------+--------+--------+--------+-----+--------+
         Total |   5354 |   5194 |    160 |      0 |   4350 |   7 |  764.9 |
       Dungeon |   5161 |   5033 |    128 |      0 |   4209 |   6 |  860.2 |
        Temple |    193 |    161 |     32 |      0 |    141 |   1 |  193.0 |
               +--------+--------+--------+--------+--------+-----+--------+

Top non-repeatable levels by time:
     D:4: 1167 daAuts
     D:2: 1005 daAuts
     D:3: 920 daAuts
     D:6: 722 daAuts
     D:5: 712 daAuts
     D:1: 633 daAuts
  Temple: 193 daAuts
